 Dungeon Crawl Stone Soup version 0.20-a0-1050-g57248f3 (webtiles) character file.

86 lauthentik the Skirmisher (level 4, -1/40 HPs)
             Began as a Hill Orc Fighter on Apr 25, 2017.
             Was a Follower of Okawaru.
             Slain by a gnoll
             ... wielding a +0 halberd
              (2 damage)
             ... on level 3 of the Dungeon.
             The game lasted 00:04:13 (1280 turns).

lauthentik the Skirmisher (Hill Orc Fighter)        Turns: 1280, Time: 00:04:13

Health: -1/40      AC:  8    Str: 19    XL:     4   Next: 49%
Magic:  4/4        EV:  7    Int:  8    God:    Okawaru [*.....]
Gold:   67         SH:  9    Dex: 10    Spells: 3/3 levels left

rFire    . . .     SeeInvis .   a - +0 long sword
rCold    . . .     Gourm    .   c - +0 shield
rNeg     . . .     Faith    .   b - +0 scale mail
rPois    .         Spirit   .   g - +0 helmet
rElec    .         Reflect  .   (no cloak)
rCorr    .         Harm     .   (no gloves)
MR       .....                  (no boots)
Stlth    ..........             (no amulet)
Regen    0.2/turn               (no ring)
MPRegen  0.1/turn               (no ring)

@: no status effects
A: no striking features
a: Heroism, Renounce Religion


You were on level 3 of the Dungeon.
You worshipped Okawaru.
Okawaru was aware of your devotion.
You were not hungry.

You visited 1 branch of the dungeon, and saw 3 of its levels.

You collected 67 gold pieces.

Inventory:

Hand Weapons
 a - a +0 long sword (weapon)
Armour
 b - a +0 scale mail (worn)
 c - a +0 shield (worn)
 g - a +0 helmet (worn)
Scrolls
 l - a scroll of enchant armour {unknown}
 m - 2 scrolls of identify {unknown}
Potions
 d - a potion of might
 e - a potion of curing {unknown}
 h - a potion of invisibility {unknown}
 i - 2 potions of haste {unknown}
 j - a potion of brilliance {unknown}
 p - a potion of resistance {unknown}
Comestibles
 f - 2 bread rations
 k - a royal jelly
 n - 3 fruits
 o - a meat ration
 q - a chunk of flesh


   Skills:
 + Level 4.1 Fighting
 + Level 3.3 Long Blades
 + Level 4.1 Armour
 + Level 0.1 Dodging
 + Level 3.9 Shields


You had 3 spell levels left.
You didn't know any spells.

Dungeon Overview and Level Annotations

Branches:
Dungeon (3/15)

Altars:
Okawaru


Message History

You kill the gnoll!
Okawaru accepts your kill.
Your Armour skill increases to level 4!
The bat barely misses you.
You riposte.
You hit the bat.
You kill the bat!
Okawaru accepts your kill. You block the gnoll's attack.
The gnoll hits you but does no damage.
You barely miss the gnoll. The gnoll barely misses you.
You barely miss the gnoll. You block the gnoll's attack.
The gnoll hits you from afar with a halberd!
* * * LOW HITPOINT WARNING * * *
The gnoll hits you.
* * * LOW HITPOINT WARNING * * *
The gnoll barely misses you.
Things that are here:
a halberd; 17 arrows; a gnoll corpse You hit the gnoll.
The gnoll is heavily wounded.
You block the gnoll's attack. The gnoll hits you with a halberd.
You die...

#..#..# #..#..#
#..#.. #..#.####
#.......#
#.......#
###..g...$##
..#.@g......
#.#.......##
#)#..†......
#.#)†)....##
#.##....?##
#.##......#
#.<.........
#..........#..#..
#.########...###.


You could see 2 gnolls.

Vanquished Creatures
  A gnoll (D:3)
  An adder (D:2)
  3 worms (D:2)
  3 dart slugs (D:1)
  A leopard gecko (D:2)
  An orc (D:3)
  6 bats
  2 giant cockroaches
  4 hobgoblins
  3 jackals (D:2)
  A ball python (D:2)
  2 frilled lizards (D:1)
  8 goblins
  6 kobolds
  9 rats
51 creatures vanquished.

Notes
Turn   | Place    | Note
-------+----------+-------------------------------------------
     0 | D:1      | lauthentik the Hill Orc Fighter began the quest for the Orb.
     0 | D:1      | Reached XP level 1. HP: 19/19 MP: 1/1
    58 | D:1      | Reached XP level 2. HP: 26/27 MP: 2/2
   546 | D:2      | Reached XP level 3. HP: 33/33 MP: 3/3
   939 | D:2      | Reached XP level 4. HP: 39/40 MP: 4/4
  1057 | D:2      | Found a faded altar of an unknown god.
  1060 | D:2      | Became a worshipper of Warmaster Okawaru
  1060 | D:2      | Reached * piety under Okawaru
  1279 | D:3      | HP: 1/40 [gnoll (4)]
  1280 | D:3      | Slain by a gnoll

Vault maps used:
D:1:      mrwooster_arrival_statue_2, hex_medium, minivault_27, minivault_19
D:2:      chequers_ecumenical_altar_grove, kennysheep_crisscross,
          minmay_misc_feat_tiny
D:3:      cheibrodos_sewer_entry_drain, first_bread, uniq_sigmund, uniq_natasha

Skill      XL: |  1  2  3  4 |
---------------+-------------+-----
Fighting       | 4 |  4.1
Long Blades    | 3 |  3.3
Armour         | 4 |  4.1
Dodging        | |  0.1
Shields        | |  3.9

Action                   |  1- 3 |  4- 6 || total
-------------------------+-------+-------++-------
Melee: Long sword        |   144 |    56 ||   200
  Eat: Chunk             |       |     2 ||     2
Armor: Scale mail        |    70 |    28 ||    98
Dodge: Dodged            |    39 |    30 ||    69
Block: Shield            |    75 |    39 ||   114
       Rpst.: Long sword |    10 |     9 ||    19
